 Dungeon Crawl Stone Soup version 0.30-a0-374-g95c0257040 (webtiles) character file.

Game seed: 15590923302089104031

80614 oldriver the Eclecticist (level 15, -10/114 HPs)
             Began as a Mummy Necromancer on Nov 21, 2022.
             Was the Champion of Hepliaklqana.
             Killed from afar by an acid blob (27 damage)
             ... with a splash of acid
             ... on level 4 of the Lair of Beasts on Nov 25, 2022.
             The game lasted 01:07:06 (32043 turns).

oldriver the Eclecticist (Mummy Necromancer)       Turns: 32043, Time: 01:07:06

Health: -10/114    AC: 12    Str: 12    XL:     15   Next: 24%
Magic:  21/36      EV: 31    Int: 21    God:    Hepliaklqana [******]
Gold:   1505       SH:  7    Dex: 19    Spells: 2/48 levels left

rFire   . . .      SeeInvis .    L - +3 flail of the Wizarding Gnat {flame, rElec Will+ Str-3}
rCold   + . .      Faith    +    A - +1 buckler {rPois}
rNeg    + + +      Spirit   .    N - +2 ring mail of the Sun {rF+ Str+3 Dex+6}
rPois   ∞          Reflect  .    z - +0 helmet
rElec   +          Harm     .    e - +1 cloak
rCorr   .          Rampage  .    f - +0 pair of gloves
Will    ++...                    p - +2 pair of boots
Stlth   ++........               i - amulet of the acrobat
HPRegen 0.39/turn                l - +4 ring of evasion
MPRegen 0.25/turn                a - ring of wizardry

@: about to teleport, corroded, acrobatic
A: reduced essence, cold resistance 1, negative energy resistance 3, torment
resistance 2, heat vulnerability 1, in touch with death 2, no potions, faith
a: Renounce Religion, Recall Ancestor, Ancestor Identity, Transference, Idealise


You were on level 4 of the Lair of Beasts.
You worshipped Hepliaklqana.
Hepliaklqana was exalted by your worship.
You visited 6 branches of the dungeon, and saw 24 of its levels.

You collected 2350 gold pieces.
You spent 845 gold pieces at shops.

Inventory:

Hand Weapons
 L - the +3 flail of the Wizarding Gnat (weapon) {flame, rElec Will+ Str-3}
   (You found it on level 4 of the Lair of Beasts)

   It burns those it strikes, dealing additional fire damage.
   Str:       It affects your strength (-3).
   rElec:     It insulates you from electricity.
   Will:      It increases your willpower.
Missiles
 B - 2 throwing nets
Armour
 e - a +1 cloak (worn)
 f - a +0 pair of gloves (worn)
 p - a +2 pair of boots (worn)
 y - a scarf of repulsion
 z - a +0 helmet (worn)
 A - a +1 buckler of poison resistance (worn)
 N - the +2 ring mail of the Sun (worn) {rF+ Str+3 Dex+6}
   (You bought it in a shop on level 2 of the Orcish Mines)

   Str:       It affects your strength (+3).
   Dex:       It affects your dexterity (+6).
   rF:        It protects you from fire.
Jewellery
 a - a ring of wizardry (right hand)
 i - an amulet of the acrobat (around neck)
 l - a +4 ring of evasion (left hand)
 x - a ring of magical power
 F - a +4 ring of evasion
 J - a ring of see invisible
 K - a +4 ring of protection
 M - a ring of protection from fire
Wands
 k - a wand of digging (4)
 m - a wand of roots (39)
 q - a wand of flame (33)
 r - a wand of acid (13)
Scrolls
 b - 6 scrolls of magic mapping
 c - 9 scrolls of poison
 d - a scroll of summoning
 g - 2 scrolls of fear
 h - 2 scrolls of noise
 o - 4 scrolls of teleportation
 s - 4 scrolls of vulnerability
 t - a scroll of enchant armour
 u - 2 scrolls of immolation
 C - 2 scrolls of silence
 D - 2 scrolls of amnesia
 E - 2 scrolls of enchant weapon
 G - 4 scrolls of blinking
 H - 9 scrolls of identify
 I - 2 scrolls of brand weapon
Miscellaneous
 j - a condenser vane


   Skills:
 + Level 14.5 Fighting
 + Level 5.4 Armour
 - Level 5.0 Dodging
 - Level 3.0 Stealth
 - Level 5.0 Shields
 + Level 17.1 Spellcasting
 + Level 9.7 Conjurations
 + Level 8.4 Necromancy
 - Level 5.0 Fire Magic
 - Level 3.0 Earth Magic


You had 2 spell levels left.
You knew the following spells:

 Your Spells              Type           Power      Damage    Failure   Level
a - Necrotise             Necr           100%       1d9       1%          1
b - Vampiric Draining     Necr           88%        2d12      1%          3
c - Animate Dead          Necr           88%        N/A       1%          4
d - Death Channel         Necr           44%        N/A       16%         6
f - Fireball              Conj/Fire      24%        3d11      4%          5
g - Swiftness             Air            17%        N/A       11%         3
i - Iskenderun's Battles  Conj           56%        2d11      1%          5
k - Shock                 Conj/Air       100%       1d9       1%          1
m - Magic Dart            Conj           100%       1d8       1%          1
s - Sticky Flame          Conj/Fire      48%        2d7       1%          4
u - Dispel Undead         Necr           88%        3d28      1%          4
v - Borgnjor's Vile Clut  Necr/Erth      38%        N/A       9%          5
w - Flame Wave            Conj/Fire      48%        2d12      1%          4

Your spell library contained the following spells:

 Spells                   Type           Power      Damage    Failure   Level
 Foxfire                  Conj/Fire      100%       2x1d9     1%          1
 Sandblast                Erth           60%        2d14      1%          1
 Cigotuvi's Dreadful Rot  Necr/Pois/Air  100%       N/A       1%          2
 Searing Ray              Conj           100%       2d8       1%          2
 Passwall                 Tmut/Erth      20%        N/A       2%          2
 Apportation              Tloc           34%        N/A       3%          1
 Freeze                   Ice            68%        1d8       3%          1
 Sting                    Tmut/Pois      68%        1d6       3%          1
 Summon Small Mammal      Summ           68%        N/A       3%          1
 Call Imp                 Summ           17%        N/A       5%          2
 Poisonous Vapours        Pois/Air       34%        N/A       5%          2
 Hailstorm                Conj/Ice       38%        3d9       1%          3
 Stone Arrow              Conj/Erth      88%        3d12      1%          3
 Mephitic Cloud           Conj/Pois/Air  31%        N/A       2%          3
 Inner Flame              Hex/Fire       28%        N/A       3%          3
 Agony                    Necr           88%        N/A       3%          5
 Fulminant Prism          Conj/Hex       19%        3d10      4%          4
 Kindle Blastsparks       Fire/Tloc/Air  48%        2d14      5%          3
 Call Canine Familiar     Summ           17%        N/A       11%         3
 Frozen Ramparts          Ice            34%        1d6       11%         3
 Portal Projectile        Hex/Tloc       34%        N/A       11%         3
 Summon Guardian Golem    Hex/Summ       17%        N/A       11%         3
 Teleport Other           Tloc           17%        N/A       11%         3
 Tukima's Dance           Hex            17%        N/A       11%         3
 Vhi's Electric Charge    Tloc/Air       34%        N/A       11%         3
 Irradiate                Conj/Tmut      19%        3d18      13%         5
 Airstrike                Air            8%         2d(2-18)  32%         4
 Olgreb's Toxic Radiance  Pois           17%        N/A       32%         4
 Passage of Golubria      Tloc           17%        N/A       32%         4
 Orb of Destruction       Conj           28%        9d9       45%         7
 Conjure Ball Lightning   Conj/Air       19%        3x3d6     54%         6
 Spellforged Servitor     Conj/Summ      19%        N/A       98%         7
 Blade Hands              Tmut           Unusable   N/A       N/A         5
 Dragon Form              Tmut           Unusable   N/A       N/A         7

Dungeon Overview and Level Annotations

Branches:
Dungeon (14/15)            Temple (1/1) D:5            Lair (5/5) D:9
 Shoals (0/4) Lair:2        Snake (1/4) Lair:3        Slime (1/5) Lair:4
    Orc (2/2) D:11            Elf (0/3) Orc:2        Vaults (0/5) D:13

Altars:
Ashenzari
Cheibriados
Dithmenos
Fedhas
Gozag
Hepliaklqana
Kikubaaqudgha
Makhleb
Nemelex Xobeh
Okawaru
Qazlal
Ru
Sif Muna
Trog
Uskayaw
Vehumet
Wu Jian
Xom
Yredelemnul

Shops:
D:7 *   D:8 =   D:9 (   Orc:2 *!?[

Annotations:
D:5 1 runed translucent door, blackman's ghost, weakling HuDe
D:13 2 runed translucent doors
Lair:5 exclusion: obsidian statue


Innate Abilities, Weirdness & Mutations

Your life essence is reduced to manifest your ancestor. (-10% HP)
You are immune to poison.
Your flesh is cold resistant. (rC+)
You are immune to negative energy. (rN+++)
You are immune to unholy pain and torment.
You are vulnerable to heat. (rF-)
You are strongly in touch with the powers of death.
You do not drink.
You have a special connection with the divine. (Faith)


Message History

You feel your bond with your battlesphere wane.
There is a staircase to the Slime Pits here.
Unknown command.
Casting: Vampiric Draining (safe; 1% risk of failure)
Confirm with . or Enter, or press ? or * to list all spells.
Aiming: Vampiric Draining (safe; 1% risk of failure)
Press: ? - help, Shift-Dir - straight line, f - acid blob
Aim: an acid blob (lightly wounded)
You feel a strong surge of power!
You draw life force from the acid blob!
You feel life coursing into your body. The acid blob barely misses you.
Unknown command.
Lucius is recalled.
The acid blob spits acid at you. The splash of acid hits you!
The acid corrodes you!
Casting: Vampiric Draining (safe; 1% risk of failure)
Confirm with . or Enter, or press ? or * to list all spells.
Aiming: Vampiric Draining (safe; 1% risk of failure)
Press: ? - help, Shift-Dir - straight line, f/p - acid blob
Aim: an acid blob (moderately wounded, ally target)
You feel a strong surge of power!
You draw life force from the acid blob!
You feel life coursing into your body. The acid blob hits you!
You are splashed with acid!
Unknown command.
The acid blob attacks as you move away! The acid blob hits you!!
* * * LOW HITPOINT WARNING * * *
The acid corrodes you!
You are splashed with acid!
* * * LOW HITPOINT WARNING * * *
The acid blob spits acid at you.
The splash of acid hits Lucius!!
The acid corrodes Lucius!
Lucius hits the acid blob with a +0 quarterstaff!!
Lucius is burned by acid!
As you read the scroll of teleportation, it crumbles to dust.
You feel strangely unstable.
The acid blob hits Lucius.
Lucius is splashed with acid.
Lucius seems to be corroded for longer.
Lucius barely misses the acid blob.
The acid blob hits Lucius!!!
Lucius is destroyed!
Unknown command.
The acid blob spits acid at you. The splash of acid hits you!!
You die...

##........#.........#
#####...............#
###.............##
#...........##.#
##...........######## #
#......J........##.## #
###.....>............# #
#............#.#.....##
##.......##@......#P...##
###......####......####..P#
#.......P# ###....# #####
#P~.....## ##.### ##P.~~P.♣
### #♣~~P~P♣## ♣♣~≈~~~~#
♣~≈~~### #♣♣♣##


You could see an acid blob.

Vanquished Creatures
  An orc warlord (D:11)
  A dire elephant (Lair:5)
  An ogre mage (D:13)
  2 hydras
  An anaconda (Snake:1)
  13 two-headed ogres
  A centaur warrior (D:14)
  2 death yaks (Lair:5)
  2 spectral dire elephants (Lair:5)
  Nergalle (Orc:1)
  7 skeletal warriors
  A spectral anaconda (Lair:5)
  2 necromancers (Lair:5)
  A deep elf pyromancer (D:12)
  8 ugly things (D:14)
  An elephant (Lair:5)
  A black mamba (Lair:3)
  A dire elephant zombie (Lair:5)
  A gargoyle (D:9)
  Psyche (D:8)
  A dire elephant skeleton (Lair:5)
  2 komodo dragons
  2 kobold demonologists (D:11)
  4 cane toads
  An efreet (D:14)
  4 trolls
  3 spectral elephants (Lair:5)
  A blink frog (Lair:5)
  A snapping turtle (Lair:2)
  2 dream sheep (Lair:5)
  A slime creature (D:12)
  A vampire (D:9)
  A shadow (D:13)
  11 yaks
  3 wraiths
  A two-headed ogre zombie (Orc:2)
  3 wargs
  A spectral cane toad (Lair:5)
  Menkaure (D:7)
  An acid dragon (D:12)
  3 nagas
  5 water moccasins
  4 orc warriors
  A black bear (Lair:2)
  2 sky beasts (D:6)
  3 wolves
  An elephant zombie (Lair:5)
  18 ogres
  7 centaurs
  5 phantoms
  2 bullfrogs
  A cane toad simulacrum (Lair:5)
  4 scorpions
  7 wights
  12 killer bees
  3 electric eels
  4 howler monkeys (D:9)
  2 lava snakes (Lair:1)
  9 orc priests
  3 hounds
  5 jellies
  3 iguanas
  Ijyb (D:3)
  13 orc wizards
  2 ogre zombies (Orc:2)
  18 gnolls
  7 adders
  A white imp (D:6)
  An ufetubus (D:4)
  3 worms
  4 dart slugs
  70 orcs
  6 ball pythons
  8 bats
  6 endoplasms
  4 giant cockroaches
  6 goblins
  3 hobgoblins
  7 quokkas
  3 frilled lizards (D:2)
  18 kobolds
  3 orc zombies (Orc:1)
  4 rats
386 creatures vanquished.

Vanquished Creatures (collateral kills)
  Fannar (Lair:2)
  2 catoblepae
  A centaur warrior (D:13)
  A hydra (Lair:5)
  7 two-headed ogres
  4 ogre magi (Orc:2)
  An orc high priest (Orc:2)
  Sonja (D:13)
  A spectral death yak (Lair:5)
  2 skeletal warriors
  A lindwurm (Lair:5)
  A necromancer (Lair:5)
  An orc sorcerer (Orc:2)
  A mana viper (Snake:1)
  A cyclops (D:12)
  5 ugly things
  6 manticores
  7 elephants (Lair:5)
  A black mamba (Lair:1)
  A guardian serpent (Snake:1)
  A naga mage (Snake:1)
  A gargoyle (D:12)
  3 unseen horrors
  4 cane toads
  An efreet (D:14)
  3 rime drakes
  2 komodo dragons
  A troll (Orc:1)
  4 polar bears
  Prince Ribbit (D:6)
  3 slime creatures (D:12)
  5 blink frogs
  4 dream sheep (Lair:5)
  33 yaks
  3 wraiths
  3 wyverns
  4 basilisks
  A warg (Orc:2)
  A naga (Lair:3)
  6 water moccasins
  A swamp drake (D:11)
  7 orc warriors
  An elephant zombie (Lair:5)
  10 ogres
  13 wolves
  5 centaurs
  12 bullfrogs
  2 kobold brigands
  An elephant simulacrum (Lair:5)
  4 killer bees
  2 electric eels (Lair:1)
  3 lava snakes (Lair:1)
  A hound (D:6)
  2 orc priests
  9 orc wizards
  An ogre zombie (Orc:2)
  An orc zombie (Orc:1)
  An adder (D:6)
  A dart slug (D:1)
  15 orcs
  A goblin (D:10)
  2 kobolds (D:7)
225 creatures vanquished.

Vanquished Creatures (others)
  7 two-headed ogre zombies (Orc:2)
  A human zombie (Lair:5)
  An elephant zombie (Lair:5)
  A water moccasin zombie (Lair:2)
  A warg zombie (Orc:2)
  15 yak zombies
  A centaur zombie (D:9)
  8 ogre zombies (Orc:2)
  29 battlemagi
  4 ancestors
  20 orc zombies
  28 fungi
  34 plants
  31 withered plants (Lair:5)
181 creatures vanquished.

Grand Total: 792 creatures vanquished

Notes
Turn   | Place    | Note
-------+----------+-------------------------------------------
     0 | D:1      | oldriver the Mummy Necromancer began the quest for the Orb.
     0 | D:1      | Reached XP level 1. HP: 13/13 MP: 4/4
   135 | D:1      | Reached skill level 3 in Spellcasting
   141 | D:1      | Reached skill level 1 in Fighting
   146 | D:1      | Reached XP level 2. HP: 21/21 MP: 0/6
   492 | D:1      | Found a faded altar of an unknown god.
   949 | D:1      | Gained mutation: You are in touch with the powers of death.
                  | [Mummy growth]
   949 | D:1      | Reached XP level 3. HP: 24/27 MP: 5/8
  1277 | D:2      | Reached skill level 4 in Spellcasting
  1596 | D:2      | Reached XP level 4. HP: 33/34 MP: 5/10
  2165 | D:3      | Noticed Ijyb
  2172 | D:3      | Killed Ijyb
  2264 | D:3      | Noticed an angel
  2319 | D:3      | Found an ornate altar of the Wu Jian Council.
  2469 | D:3      | Upgraded the game from 0.30-a0-371-gad7725a93e to
                  | 0.30-a0-374-g95c0257040
  2528 | D:3      | Reached XP level 5. HP: 41/41 MP: 7/12
  2639 | D:3      | Reached skill level 5 in Spellcasting
  3423 | D:4      | Noticed a phantom
  3451 | D:4      | Killed a phantom
  3452 | D:4      | Reached skill level 6 in Spellcasting
  3452 | D:4      | Reached XP level 6. HP: 26/48 MP: 15/15
  3781 | D:4      | Noticed a +0 hand axe
  3924 | D:4      | Found a sacrificial altar of Ru.
  4028 | D:4      | Noticed a +0 hand axe
  4029 | D:4      | Found a hide-covered altar of Uskayaw.
  4150 | D:4      | Reached skill level 5 in Fighting
  4239 | D:4      | Reached XP level 7. HP: 56/56 MP: 13/17
  4502 | D:5      | Entered Level 5 of the Dungeon
  4511 | D:5      | Learned a level 3 spell: Vampiric Draining
  4516 | D:5      | Learned a level 4 spell: Animate Dead
  4519 | D:5      | Learned a level 2 spell: Searing Ray
  4557 | D:4      | Reached skill level 7 in Spellcasting
  4802 | D:5      | Found a broken altar of Ashenzari.
  4807 | D:5      | Found a staircase to the Ecumenical Temple.
  4883 | Temple   | Entered the Ecumenical Temple
  4963 | Temple   | Became a worshipper of Hepliaklqana the Forgotten
  5109 | D:5      | Found an opulent altar of Gozag.
  5545 | D:5      | Found a runed translucent door.
  5546 | D:5      | Noticed blackman's ghost (weakling HuDe)
  5957 | D:6      | Reached skill level 1 in Armour
  6003 | D:6      | Reached * piety under Hepliaklqana
  6009 | D:6      | Reached XP level 8. HP: 56/57 MP: 13/19
  6038 | D:6      | Reached skill level 8 in Spellcasting
  6700 | D:6      | Noticed Prince Ribbit
  6712 | D:6      | Killed Prince Ribbit
  6849 | D:6      | Reached skill level 5 in Necromancy
  7200 | D:5      | Reached XP level 9. HP: 15/63 MP: 21/21
  7581 | D:7      | Learned a level 4 spell: Dispel Undead
  7788 | D:7      | Found Kamologi's General Store.
  7909 | D:7      | Reached skill level 9 in Spellcasting
  8297 | D:7      | Reached ** piety under Hepliaklqana
  8343 | D:7      | Found an iron altar of Okawaru.
  8451 | D:7      | Noticed Menkaure
  8453 | D:7      | Killed Menkaure
  8493 | D:7      | Found a sparkling altar of Nemelex Xobeh.
  8520 | D:7      | Found an ancient bone altar of Kikubaaqudgha.
  8857 | D:7      | Learned a level 5 spell: Borgnjor's Vile Clutch
  9209 | D:7      | Bought a +1 buckler of poison resistance for 175 gold
                  | pieces
  9639 | D:8      | Noticed Psyche
  9668 | D:8      | Killed Psyche
  9669 | D:8      | Reached skill level 1 in Shields
  9669 | D:8      | Reached skill level 1 in Earth Magic
  9748 | D:8      | Found Lotyuqec's Jewellery Shop.
  9843 | D:8      | Found a shimmering blue altar of Sif Muna.
  9910 | D:9      | Reached skill level 10 in Spellcasting
 10077 | D:8      | Remembered your ancestor Lucius as a battlemage
 10180 | D:9      | Reached XP level 10. HP: 72/72 MP: 17/24
 10272 | D:9      | Noticed a gargoyle
 10292 | D:9      | HP: 1/72 [gargoyle/stone arrow (18)]
 10619 | D:9      | Found Onusemn's Weapon Boutique.
 10682 | D:9      | Killed a gargoyle
 11111 | D:9      | Reached *** piety under Hepliaklqana
 11458 | D:9      | Found a staircase to the Lair.
 11613 | D:10     | Entered Level 10 of the Dungeon
 11668 | D:10     | Found a shadowy altar of Dithmenos.
 11860 | D:10     | Noticed a two-headed ogre
 11870 | D:10     | Killed a two-headed ogre
 12754 | D:10     | Reached **** piety under Hepliaklqana
 13452 | D:11     | Found the +4 robe of Augmentation {Str+4 Int+4 Dex+4}
 13454 | D:11     | Noticed a smoke demon
 13543 | D:11     | Reached skill level 11 in Spellcasting
 13626 | D:11     | Noticed a manticore
 13707 | Lair:1   | Entered Level 1 of the Lair of Beasts
 13715 | Lair:1   | Noticed a cane toad
 13720 | Lair:1   | Killed a cane toad
 13752 | Lair:1   | Noticed a black mamba
 13758 | Lair:1   | Killed a black mamba
 13759 | Lair:1   | Reached XP level 11. HP: 47/80 MP: 15/26
 13881 | Lair:1   | Got the Incunable of Translocation
 13917 | Lair:1   | Noticed a catoblepas
 13937 | Lair:1   | Killed a catoblepas
 13938 | Lair:1   | Reached skill level 5 in Armour
 14028 | Lair:1   | Reached skill level 1 in Conjurations
 14176 | Lair:1   | Reached ***** piety under Hepliaklqana
 15174 | Lair:2   | Noticed a five-headed hydra
 15182 | Lair:2   | Killed a five-headed hydra
 15183 | Lair:2   | Reached skill level 12 in Spellcasting
 15429 | Lair:2   | Reached skill level 10 in Fighting
 15429 | Lair:2   | Reached skill level 5 in Shields
 15684 | Lair:2   | Noticed Fannar
 15694 | Lair:2   | Killed Fannar
 15887 | Lair:2   | Reached XP level 12. HP: 85/88 MP: 25/28
 15985 | Lair:2   | Found a staircase to the Shoals.
 16562 | Lair:3   | Found a staircase to the Snake Pit.
 16697 | Lair:3   | Noticed a four-headed hydra
 16702 | Lair:3   | Reached skill level 13 in Spellcasting
 16706 | Lair:3   | Killed a four-headed hydra
 16865 | Lair:3   | Reached skill level 5 in Conjurations
 17362 | Lair:4   | Learned a level 5 spell: Iskenderun's Battlesphere
 17364 | Lair:4   | Learned a level 1 spell: Magic Dart
 17366 | Lair:4   | Learned a level 1 spell: Shock
 17521 | Lair:4   | Identified the +1 ring mail "Lixoewa" {Will++ Str-2}
 17719 | Lair:4   | Identified the +3 flail of the Wizarding Gnat {flame, rElec
                  | Will+ Str-3}
 17911 | Lair:4   | Found a staircase to the Slime Pits.
 18338 | Lair:5   | Entered Level 5 of the Lair of Beasts
 18411 | Lair:5   | Reached ****** piety under Hepliaklqana
 18411 | Lair:5   | Found a dark tunnel.
 18418 | Lair:5   | Noticed a five-headed hydra
 18424 | Lair:5   | Killed a five-headed hydra
 18565 | Lair:5   | Reached skill level 14 in Spellcasting
 18723 | Lair:5   | Identified the +0 scale mail of the Spider Nest {rCorr}
 18950 | Lair:5   | Noticed a dire elephant
 19137 | Lair:5   | Gained mutation: You are strongly in touch with the powers
                  | of death. [Mummy growth]
 19137 | Lair:5   | Reached XP level 13. HP: 89/97 MP: 13/31
 19981 | Lair:5   | Reached skill level 15 in Spellcasting
 21025 | Lair:5   | Killed a dire elephant
 21205 | Lair:5   | Got the Lectures on Bolts
 21410 | Lair:5   | Learned a level 4 spell: Sticky Flame
 21416 | Lair:5   | Learned a level 5 spell: Fireball
 21740 | D:8      | Bought a ring of protection from fire for 375 gold pieces
 21948 | Snake:1  | Entered Level 1 of the Snake Pit
 22212 | Snake:1  | Reached skill level 1 in Fire Magic
 22803 | D:7      | Bought a scroll of fear for 52 gold pieces
 23611 | D:11     | Found a staircase to the Orcish Mines.
 23629 | D:11     | Learned a level 3 spell: Swiftness
 23678 | Orc:1    | Entered Level 1 of the Orcish Mines
 23681 | Orc:1    | Noticed Nergalle
 23686 | Orc:1    | Killed Nergalle
 23699 | Orc:1    | Noticed an orc warlord
 24517 | D:12     | Reached XP level 14. HP: 106/106 MP: 19/33
 24887 | D:13     | Reached skill level 16 in Spellcasting
 25561 | D:13     | Found a gate to the Vaults.
 25835 | D:13     | Noticed Sonja
 25849 | D:13     | Killed Sonja
 26041 | D:13     | Found a large runed translucent door.
 26041 | D:13     | Found a large runed translucent door.
 27178 | D:11     | Killed an orc warlord
 27307 | D:11     | Learned a level 4 spell: Flame Wave
 28059 | Orc:2    | Entered Level 2 of the Orcish Mines
 28188 | Orc:2    | Found a staircase to the Elven Halls.
 28825 | Orc:2    | Reached skill level 5 in Dodging
 29889 | Orc:2    | Found Wanom's Assorted Antiques.
 29889 | Orc:2    | Found Ponep's Distillery.
 29890 | Orc:2    | Found Ipaam's Magic Scroll Boutique.
 29890 | Orc:2    | Found Iqod's Armour Emporium.
 29901 | Orc:2    | Bought a jewelled ring mail for 243 gold pieces
 29901 | Orc:2    | Identified the +2 ring mail of the Sun {rF+ Str+3 Dex+6}
                  | (You bought it in a shop on level 2 of the Orcish Mines)
 30047 | Orc:2    | Learned a level 6 spell: Death Channel
 30514 | D:14     | Reached skill level 5 in Fire Magic
 30514 | D:14     | Reached XP level 15. HP: 88/113 MP: 19/35
 31201 | D:14     | Reached skill level 17 in Spellcasting
 32031 | Slime:1  | Entered Level 1 of the Pits of Slime
 32031 | Slime:1  | Noticed an acid blob
 32043 | Lair:4   | Killed from afar by an acid blob

Illustrated notes

Levels and vault maps discovered:
D:1:      saegor_arrival_miasma, layout_basic,
          hellmonk_ecumenical_altar_pennies_from_heaven, minivault_23
D:2:      layout_loops_ring
D:3:      layout_basic, lemuel_coloured_pillars_altar,
          mainiacjoe_overflow_paths, zin_angel, uniq_ijyb
D:4:      layout_cave_pools, nicolae_ru_great_annihilating_truth,
          dancing_weapons_uskayaw, grunt_ministairs_7
D:5:      layout_loops_ring, lemuel_crystal_altar, ashenzari_altar_1,
          minmay_temple_entry_offerings, ebering_ghost_reflecting_pool
D:6:      layout_loops_cross, uniq_prince_ribbit1
D:7:      layout_basic, okawaru_altar_gauntlet_db,
          mainiacjoe_overflow_two_lobes, serial_shops,
          nicolae_shop_advertising_works [nicolae_subvault_shop_adworks],
          uniq_menkaure
D:8:      layout_cave_pools, mainiacjoe_overflow_alcove_2, serial_shops,
          nicolae_shop_crystal, uniq_psyche
D:9:      layout_basic, lair_entry_dummy, serial_shops, kennysheep_mini,
          grunt_decor_clamped, minmay_misc_feat_columns
D:10:     layout_basic, grunt_dithmenos_smoke_and_mirrors, enter_bailey_7,
          chequers_arboretum
D:11:     layout_basic, erik_orc_1
D:12:     layout_cave_pools, minmay_fractal_squares_5
D:13:     okawaru_arena_lexackson, layout_stronghold, david_vaults_2, uniq_sonja
D:14:     layout_irregular_city, serial_column_ruins, column_ruins_hut,
          column_ruins_hut_pillars, column_ruins_grid_2, column_ruins_open_tiny,
          column_ruins_columns_dead_end, column_ruins_grid_2,
          nicolae_gozag_cash_rules_everything_around_me
Temple:   cyrus_temple_forest
Lair:1:   layout_hall_layers, nicolae_lair_liquid_snakes,
          infiniplex_staircase_pool_2, lemuel_fruit_tree, serial_bayou_shore_b,
          grunt_megastairs_5, serial_bayou_shore_a
Lair:2:   layout_gridlike, minmay_shoals_entry_hut, serial_bayou_shore_b,
          uniq_fannar
Lair:3:   layout_loops_ring, guppyfry_snake_entry_island
Lair:4:   layout_misc_corridors, slime_entry_1, serial_bayou_shore_b,
          infiniplex_staircase_pool
Lair:5:   due_jungle_book, layout_loops_ring, nicolae_volcano_entry_lava_flow
Snake:1:  cheibrodos_forgotten_conduit, layout_gridlike, basic_altar,
          guppyfry_library_mini, uniq_aizul
Slime:1:  layout_caves, cheibrodos_slime_lost_civilization_6
Orc:1:    layout_caves, uniq_nergalle
Orc:2:    st_orc_ogre_mass, layout_diamond_mine

Skill      XL: |  1  2  3  4  5  6  7  8  9 10 11 12 13 14 15 |
---------------+----------------------------------------------+-----
Spellcasting   | 3 4 6 7 8 10 11 12 14 15 16 17 | 17.1
Fighting       | 1 2 3 4 5 6 8 9 10 12 13 14 | 14.5
Armour         | 1 3 4 5 |  5.4
Dodging        | 2 3 5 |  5.0
Stealth        | 2 3 |  3.0
Necromancy     | 5 6 7 8 |  8.4
Shields        | 1 3 5 |  5.0
Earth Magic    | 1 3 |  3.0
Conjurations   | 4 6 8 9 |  9.7
Fire Magic     | 2 5 |  5.0

Action                   |  1- 3 |  4- 6 |  7- 9 | 10-12 | 13-15 || total
-------------------------+-------+-------+-------+-------+-------++-------
Melee: Unarmed           |     4 |       |       |       |       ||     4
       Flail             |       |    40 |    79 |    42 |    59 ||   220
 Cast: Necrotise         |    70 |   106 |   258 |   291 |       ||   725
       Vampiric Draining |       |       |    11 |    37 |    72 ||   120
       Dispel Undead     |       |       |     5 |     5 |    29 ||    39
       Animate Dead      |       |       |     2 |    11 |     8 ||    21
       Searing Ray       |       |       |       |     4 |       ||     4
       Shock             |       |       |       |    63 |   480 ||   543
       Iskenderun's Batt |       |       |       |    10 |    73 ||    83
       Magic Dart        |       |       |       |     6 |       ||     6
       Fireball          |       |       |       |       |    11 ||    11
       Borgnjor's Vile C |       |       |       |       |    12 ||    12
       Sticky Flame      |       |       |       |       |     7 ||     7
       Swiftness         |       |       |       |       |     3 ||     3
       Flame Wave        |       |       |       |       |     3 ||     3
Invok: Recall Ancestor   |       |       |     1 |     3 |     8 ||    12
       Ancestor Life: Ba |       |       |     1 |       |       ||     1
Evoke: Wand              |       |       |       |     1 |       ||     1
  Use: Scroll            |       |     1 |     4 |    11 |     5 ||    21
 Stab: Sleeping          |     1 |       |       |       |       ||     1
       Distracted        |       |       |     1 |     1 |       ||     2
Armor: Robe              |     6 |    14 |    14 |       |    33 ||    67
       Leather armour    |       |       |    19 |       |       ||    19
       Ring mail         |       |       |    26 |    92 |    45 ||   163
Dodge: Dodged            |    14 |    86 |   208 |   241 |   248 ||   797
Block: Buckler           |       |       |    14 |    62 |   116 ||   192

Table legend: (Time is in decaauts)
 A = Elapsed time spent in this place.
 B = Non-inter-level travel time spent in this place.
 C = Inter-level travel time spent in this place.
 D = Time resting spent in this place.
 E = Time spent auto-exploring this place.
 F = Levels seen in this place.
 G = Mean time per level.
                   A        B        C        D        E       F      G
               +--------+--------+--------+--------+--------+-----+--------+
         Total |  32219 |  29084 |   3135 |   4267 |  19732 |  24 | 1342.5 |
       Dungeon |  20223 |  17857 |   2366 |   2534 |  12099 |  14 | 1444.5 |
        Temple |    121 |     64 |     57 |      0 |     56 |   1 |  121.0 |
          Lair |   8878 |   8270 |    608 |   1351 |   5663 |   5 | 1775.6 |
     Snake Pit |     55 |     55 |      0 |      0 |      2 |   1 |   55.0 |
    Slime Pits |      5 |      5 |      0 |      0 |      0 |   1 |    5.0 |
  Orcish Mines |   2934 |   2833 |    101 |    382 |   1912 |   2 | 1467.0 |
               +--------+--------+--------+--------+--------+-----+--------+

Top non-repeatable levels by time:
  Lair:5: 3158 daAuts
    D:13: 2782 daAuts
   Orc:2: 2038 daAuts
    D:11: 1968 daAuts
    D:10: 1768 daAuts
  Lair:2: 1668 daAuts
  Lair:3: 1658 daAuts
     D:7: 1543 daAuts
     D:6: 1514 daAuts
     D:9: 1475 daAuts
     D:4: 1374 daAuts
  Lair:1: 1361 daAuts
     D:3: 1298 daAuts
     D:5: 1282 daAuts
     D:8: 1244 daAuts
